 Dungeon Crawl Stone Soup version 0.29.1-13-g9f3cf754e1 (webtiles) character file.

Game seed: 2020598836361039555

221 Peloso the Covered (level 5, -1/46 HPs)
             Began as a Minotaur Fighter on Jan 22, 2023.
             Killed from afar by Sigmund (6 damage)
             ... with a puff of flame
             ... on level 4 of the Dungeon.
             The game lasted 00:06:37 (3513 turns).

Peloso the Covered (Minotaur Fighter)               Turns: 3513, Time: 00:06:37

Health: -1/46      AC: 11    Str: 21    XL:     5   Next: 65%
Magic:  4/4        EV:  6    Int:  5    God:
Gold:   143        SH: 19    Dex: 11    Spells: 4/4 levels left

rFire   . . .      SeeInvis .   a - +0 long sword
rCold   . . .      Faith    .   d - +2 tower shield
rNeg    . . .      Spirit   .   b - +1 scale mail
rPois   .          Reflect  +   (helmet restricted)
rElec   .          Harm     .   (no cloak)
rCorr   .          Rampage  .   n - +2 pair of gloves
Will    +....                   (no boots)
Stlth   ..........              p - amulet of reflection
HPRegen 0.15/turn               g - ring of willpower
MPRegen 0.09/turn               (no ring)

@: hasted, very quick
A: horns 2, retaliatory headbutt
a: no special abilities


You were on level 4 of the Dungeon.
You visited 1 branch of the dungeon, and saw 4 of its levels.

You collected 165 gold pieces.
You spent 22 gold pieces at shops.

Inventory:

Hand Weapons
 a - a +0 long sword (weapon)
 c - a +0 dagger of flaming
Armour
 b - a +1 scale mail (worn)
 d - a +2 tower shield (worn)
 n - a +2 pair of gloves (worn)
Jewellery
 g - a ring of willpower (left hand)
 o - a ring of fire
 p - an amulet of reflection (around neck)
Scrolls
 j - a scroll of acquirement {unknown}
 t - a scroll of torment {unknown}
 u - 4 scrolls of identify
 v - a scroll of noise {unknown}
Potions
 e - 2 potions of cancellation
 f - a potion of haste
 h - a potion of berserk rage {unknown}
 i - a potion of might
 k - a potion of curing {unknown}
 l - a potion of attraction {unknown}
 q - a potion of brilliance {unknown}
 r - 2 potions of lignification {unknown}
 s - a potion of mutation {unknown}


   Skills:
 + Level 4.0 Fighting
 + Level 4.5 Long Blades
 + Level 5.3 Armour
 + Level 1.1 Dodging
 + Level 4.8 Shields


You had 4 spell levels left.
You didn't know any spells.
Your spell library was empty.

Dungeon Overview and Level Annotations

Branches:
Dungeon (4/15)
 Temple: D:4-7

Altars:

Shops:
D:3 ?[

Annotations:
D:4 Sigmund


Innate Abilities, Weirdness & Mutations

You have a pair of horns on your head.
You reflexively headbutt those who attack you in melee.


Message History

You hear some strange, mumbled words.
A puff of flame appears from out of thin air!
The puff of flame hits you. You block the orc priest's attack.
Unknown command.
You slash the orc priest!
You kill the orc priest!
You block the orc's attack.
You hear some strange, mumbled words.
Something tries to affect you, but you resist.
Unknown command.
You hit the orc. Your headbutt misses the orc.
The orc is moderately wounded.
You block the orc's attack.
Something hits you but does no damage. x2
Unknown command.
You slash the orc!
You kill the orc!
Something hits you.
You hear some strange, mumbled words.
A magic dart appears from out of thin air!
The magic dart hits you!
* * * LOW HITPOINT WARNING * * *
Things that are here:
a +0 whip; an orc corpse Something hits you but does no damage.
Things that are here:
a +2 falchion of venom; a +0 dagger; a dart slug corpse You miss something.
Something hits you.
* * * LOW HITPOINT WARNING * * *
You hear some strange, mumbled words.
A magic dart appears from out of thin air!
The magic dart hits you but does no damage.
You miss something.
You hear some strange, mumbled words.
A puff of flame appears from out of thin air!
The puff of flame reflects off an invisible shield around you!
The puff of flame hits something.
You hear a zap.
A puff of flame appears from out of thin air!
The puff of flame hits you.
You die...

..........#..
..$.......).
............# #
.<.......... ..
......!.... ##...
..........##.....
.......{{#.......
......##@#.......
......)))<.......
..)..#####.......
... ....... .
###.... ... #.


There were no monsters in sight!

Vanquished Creatures
  An orc priest (D:4)
  An iguana (D:4)
  6 gnolls
  4 adders (D:2)
  A worm (D:1)
  A dart slug (D:4)
  4 orcs
  3 ball pythons (D:1)
  9 bats
  5 endoplasms
  4 giant cockroaches
  6 goblins
  6 hobgoblins
  3 quokkas
  5 frilled lizards
  3 kobolds
  A rat (D:2)
63 creatures vanquished.

Notes
Turn   | Place    | Note
-------+----------+-------------------------------------------
     0 | D:1      | Peloso the Minotaur Fighter began the quest for the Orb.
     0 | D:1      | Reached XP level 1. HP: 19/19 MP: 0/0
   274 | D:1      | Found a faded altar of an unknown god.
   776 | D:1      | Reached XP level 2. HP: 27/27 MP: 1/1
   948 | D:1      | Reached skill level 4 in Armour
  1463 | D:2      | Reached XP level 3. HP: 32/33 MP: 2/2
  2041 | D:2      | Reached XP level 4. HP: 40/40 MP: 3/3
  2239 | D:2      | Reached skill level 5 in Armour
  2715 | D:3      | Reached skill level 1 in Dodging
  2715 | D:3      | Reached XP level 5. HP: 19/46 MP: 4/4
  3034 | D:3      | Found Digob's Armour Boutique.
  3228 | D:3      | Found Tiesol's Magic Scroll Shop.
  3247 | D:3      | Bought a scroll of identify for 22 gold pieces
  3484 | D:4      | Noticed Sigmund
  3513 | D:4      | Killed from afar by Sigmund

Illustrated notes

Levels and vault maps discovered:
D:1:      pf_arrival_petrified_forest, layout_basic,
          hellmonk_ecumenical_altar_arch_garden
D:2:      layout_basic, st_stairs_6, minmay_door_square
D:3:      layout_loops_ring, serial_shops, nicolae_diamond_shop, shop_statue
D:4:      layout_rooms, nemelex_altar_shiori, gup_sewer_entry_bowl, uniq_sigmund

Skill      XL: |  1  2  3  4  5 |
---------------+----------------+-----
Armour         | 4 5 |  5.3
Long Blades    | 3 4 |  4.5
Shields        | 4 |  4.8
Dodging        | 1 |  1.1
Fighting       | 4 |  4.0

Action                   |  1- 3 |  4- 6 || total
-------------------------+-------+-------++-------
Melee: Long sword        |    81 |    72 ||   153
       Headbutt          |    12 |     9 ||    21
  Use: Scroll            |     1 |       ||     1
       Potion            |       |     5 ||     5
Armor: Scale mail        |    55 |    31 ||    86
Dodge: Dodged            |    45 |     9 ||    54
Block: Buckler           |    24 |       ||    24
       Tower shield      |    10 |    96 ||   106
       Reflection        |       |     1 ||     1
